SL
CHICAGO HAWKS @ CAPITAL DISTRICT RED KNIGHTS
08/20/2022
 
TOP OF THE 1ST
Chicago Hawks batting - Pitching for Capital District Red Knights : RHP Héctor Alarcon
Pitching: RHP Héctor Alarcon
Batting: RHB Ludwig Kluge 0-0: Ground out 5-3 (Groundball, 56)
Batting: RHB Chandler Bailey 0-0: Ball
1-0: Ball
2-0: Called Strike
2-1: Ball
3-1: Base on Balls
Batting: RHB Robbie Roach 0-0: Foul Ball, location: 2F
0-1: Foul Ball, location: 2F
0-2: DOUBLE (Flyball, 78XD)
Chandler Bailey to third
Runner from 3rd tries for Home, SAFE, throw made home
Batting: LHB Mal Wadley 0-0: SINGLE (Groundball, 4MD)
Robbie Roach to third
Runner from 3rd tries for Home, SAFE, throw made home
Batting: RHB Chris Smith 0-0: Foul Ball, location: 2F
0-1: Ball
1-1: Grounds into double play, 4-6-3 (Groundball, 4)
Top of the 1st over - 2 run(s), 2 hit(s), 0 error(s), 0 left on base; Chicago 2 - Capital District 0
BOTTOM OF THE 1ST
Capital District Red Knights batting - Pitching for Chicago Hawks : RHP Adrián Fierro
Pitching: RHP Adrián Fierro
Batting: LHB Arturo Hernández 0-0: Ball
1-0: Called Strike
1-1: Swinging Strike
1-2: Strikes out swinging
Batting: SHB Joreão Canosa 0-0: Ball
1-0: Called Strike
1-1: Ball
2-1: TRIPLE (Flyball, 8RD)
Batting: RHB Daniel Lallanilla 0-0: Called Strike
0-1: Fly out, F7 (Flyball, 78D)
Runner from 3rd tags up, SCORES, no throw
Batting: LHB Leonardo López 0-0: Ball
1-0: Ball
2-0: Called Strike
2-1: Foul Ball, location: 2F
2-2: Ground out 3-1 (Groundball, 3)
Bottom of the 1st over - 1 run(s), 1 hit(s), 0 error(s), 0 left on base; Chicago 2 - Capital District 1
TOP OF THE 2ND
Chicago Hawks batting - Pitching for Capital District Red Knights : RHP Héctor Alarcon
Batting: LHB Bill Griffin 0-0: Ball
1-0: Foul Ball, location: 2F
1-1: Foul Ball, location: 2F
1-2: Foul Ball, location: 2F
1-2: Ball
2-2: Ball
3-2: Foul Ball, location: 2F
3-2: Ground out 3-1 (Groundball, 34)
Batting: RHB Yoshio Matsuo 0-0: Ball
1-0: Ball
2-0: Foul Ball, location: 2F
2-1: Ground out 6-3 (Groundball, 56)
Batting: RHB José Lozano 0-0: SINGLE (Flyball, 7S)
Batting: LHB Jeremiah Spencer 0-0: Called Strike
0-1: Ball
1-1: Ball
2-1: SINGLE (Groundball, 6MD)
José Lozano to second
Runner from 2nd tries for 3rd, OUT!
Top of the 2nd over - 0 run(s), 2 hit(s), 0 error(s), 1 left on base; Chicago 2 - Capital District 1
BOTTOM OF THE 2ND
Capital District Red Knights batting - Pitching for Chicago Hawks : RHP Adrián Fierro
Batting: RHB Ricardo Romo 0-0: Ball
1-0: Ball
2-0: Fly out, F7 (Flyball, 7LD)
Batting: RHB Jason Weston 0-0: Called Strike
0-1: Ground out 6-3 (Groundball, 6)
Batting: RHB Lane Rich 0-0: Ground out U3 (Groundball, 3S)
Bottom of the 2nd over - 0 run(s), 0 hit(s), 0 error(s), 0 left on base; Chicago 2 - Capital District 1
TOP OF THE 3RD
Chicago Hawks batting - Pitching for Capital District Red Knights : RHP Héctor Alarcon
Batting: RHB Ludwig Kluge 0-0: Ball
1-0: Foul Ball, location: 2F
1-1: Foul Ball, location: 2F
1-2: Foul Ball, location: 2F
1-2: Fly out, F9 (Flyball, 9LM)
Batting: RHB Chandler Bailey 0-0: Ball
1-0: Swinging Strike
1-1: Swinging Strike
1-2: Foul Ball, location: 2F
1-2: Fly out, F8 (Flyball, 8LS)
Batting: RHB Robbie Roach 0-0: Ball
1-0: Called Strike
1-1: Ball
2-1: Ball
3-1: Ground out 5-3 (Groundball, 5L)
Top of the 3rd over - 0 run(s), 0 hit(s), 0 error(s), 0 left on base; Chicago 2 - Capital District 1
BOTTOM OF THE 3RD
Capital District Red Knights batting - Pitching for Chicago Hawks : RHP Adrián Fierro
Batting: RHB Chang-bum Pak 0-0: Called Strike
0-1: Ball
1-1: Ground out 6-3 (Groundball, 6)
Batting: RHB Tom Christensen 0-0: Ball
1-0: Called Strike
1-1: Fly out, F8 (Flyball, 8RD)
Batting: LHB Arturo Hernández 0-0: Ball
1-0: Called Strike
1-1: Foul Ball, location: 2F
1-2: Strikes out swinging
Bottom of the 3rd over - 0 run(s), 0 hit(s), 0 error(s), 0 left on base; Chicago 2 - Capital District 1
TOP OF THE 4TH
Chicago Hawks batting - Pitching for Capital District Red Knights : RHP Héctor Alarcon
Batting: LHB Mal Wadley 0-0: Ball
1-0: Called Strike
1-1: Swinging Strike
1-2: SINGLE (Line Drive, 8RS)
Batting: RHB Chris Smith 0-0: Foul Ball, location: 2F
0-1: Ball
1-1: Ball
2-1: Ball
3-1: SINGLE (Groundball, 13S) (infield hit)
Mal Wadley to second
Batting: LHB Bill Griffin 0-0: Swinging Strike
0-1: Foul Ball, location: 2F
0-2: Strikes out swinging
Batting: RHB Yoshio Matsuo 0-0: Swinging Strike
0-1: Ball
1-1: Foul Ball, location: 2F
1-2: Foul Ball, location: 2F
1-2: Ball
2-2: Grounds into double play, 6-4-3 (Groundball, 6)
Top of the 4th over - 0 run(s), 2 hit(s), 0 error(s), 1 left on base; Chicago 2 - Capital District 1
BOTTOM OF THE 4TH
Capital District Red Knights batting - Pitching for Chicago Hawks : RHP Adrián Fierro
Batting: SHB Joreão Canosa 0-0: SINGLE (Line Drive, 9LS)
Batting: RHB Daniel Lallanilla 0-0: Ball
1-0: Ball
2-0: Called Strike
2-1: Grounds into double play, 6-4-3 (Groundball, 6)
Batting: LHB Leonardo López 0-0: Ball
1-0: SINGLE (Line Drive, 9LS)
Batting: RHB Ricardo Romo 0-0: Ball
1-0: Called Strike
Leonardo López steals 2nd base
1-1: SINGLE (Line Drive, 8RS)
Leonardo López to third
Throwing error, E8
Leonardo López scores
Ricardo Romo to second
Batting: RHB Jason Weston 0-0: Ball
1-0: Foul Ball, location: 2F
1-1: Ball
2-1: Fly out, F9 (Flyball, 9LS)
Bottom of the 4th over - 1 run(s), 3 hit(s), 1 error(s), 1 left on base; Chicago 2 - Capital District 2
TOP OF THE 5TH
Chicago Hawks batting - Pitching for Capital District Red Knights : RHP Héctor Alarcon
Batting: RHB José Lozano 0-0: Ball
1-0: Called Strike
1-1: Ball
2-1: Ground out U3 (Groundball, 3S)
Batting: LHB Jeremiah Spencer 0-0: Called Strike
0-1: Ball
1-1: Foul Ball, location: 2F
1-2: Fly out, F7 (Flyball, 7M)
Batting: RHB Ludwig Kluge 0-0: Ball
1-0: Called Strike
1-1: Ball
2-1: SINGLE (Groundball, 6MD)
Batting: RHB Chandler Bailey 0-0: Called Strike
Throwing error on steal attempt, E2
Ludwig Kluge to third
0-1: Called Strike
0-2: Foul Ball, location: 2F
0-2: Ball
1-2: Foul Ball, location: 2F
1-2: Ball
2-2: Ball
3-2: Ground out 6-3 (Groundball, 6)
Top of the 5th over - 0 run(s), 1 hit(s), 1 error(s), 1 left on base; Chicago 2 - Capital District 2
BOTTOM OF THE 5TH
Capital District Red Knights batting - Pitching for Chicago Hawks : RHP Adrián Fierro
Batting: RHB Lane Rich 0-0: Bunted foul
0-1: Ball
1-1: Ball
2-1: Foul Ball, location: 2F
2-2: Strikes out looking
Batting: RHB Chang-bum Pak 0-0: Ground out 6-3 (Groundball, 6)
Batting: RHB Tom Christensen 0-0: Called Strike
0-1: Ball
1-1: Ground out 5-3 (Groundball, 5)
Bottom of the 5th over - 0 run(s), 0 hit(s), 0 error(s), 0 left on base; Chicago 2 - Capital District 2
TOP OF THE 6TH
Chicago Hawks batting - Pitching for Capital District Red Knights : RHP Héctor Alarcon
Batting: RHB Robbie Roach 0-0: Ball
1-0: Foul Ball, location: 2F
1-1: Ball
2-1: SINGLE (Line Drive, 78S)
Batting: LHB Mal Wadley 0-0: Ball
1-0: Grounds into double play, U4-3 (Groundball, 4M)
Batting: RHB Chris Smith 0-0: Ground out 6-3 (Groundball, 6)
Top of the 6th over - 0 run(s), 1 hit(s), 0 error(s), 0 left on base; Chicago 2 - Capital District 2
BOTTOM OF THE 6TH
Capital District Red Knights batting - Pitching for Chicago Hawks : RHP Adrián Fierro
Batting: LHB Arturo Hernández 0-0: Called Strike
0-1: DOUBLE (Flyball, 89D)
Batting: SHB Joreão Canosa 0-0: Foul Ball, location: 2F
0-1: Foul Ball, location: 2F
0-2: Ball
1-2: Strikes out swinging
Batting: RHB Daniel Lallanilla 0-0: Ball
1-0: Swinging Strike
1-1: Ball
2-1: Called Strike
2-2: Foul Ball, location: 2F
2-2: Strikes out looking
Batting: LHB Leonardo López 0-0: Ball
Error on foul ball, E7
1-1: Foul Ball, location: 2F
1-2: SINGLE (Groundball, 4MD)
Arturo Hernández to third
Runner from 3rd tries for Home, SAFE, no throw or cutoff
Batting: RHB Ricardo Romo 0-0: Called Strike
0-1: Ball
1-1: Swinging Strike
1-2: Ball
2-2: Strikes out swinging
Bottom of the 6th over - 1 run(s), 2 hit(s), 1 error(s), 1 left on base; Chicago 2 - Capital District 3
TOP OF THE 7TH
Chicago Hawks batting - Pitching for Capital District Red Knights : RHP Héctor Alarcon
Batting: LHB Bill Griffin 0-0: Swinging Strike
0-1: Swinging Strike
0-2: Fly out, F5 (Popup, 5F)
Batting: RHB Yoshio Matsuo 0-0: Called Strike
0-1: Ground out 1-3 (Groundball, 13S)
Batting: RHB José Lozano 0-0: Ball
1-0: Ball
2-0: Fly out, F9 (Flyball, 89M)
Top of the 7th over - 0 run(s), 0 hit(s), 0 error(s), 0 left on base; Chicago 2 - Capital District 3
BOTTOM OF THE 7TH
Capital District Red Knights batting - Pitching for Chicago Hawks : RHP Adrián Fierro
Batting: RHB Jason Weston 0-0: Ball
1-0: Called Strike
1-1: SINGLE (Line Drive, 4MD)
Batting: RHB Lane Rich 0-0: Sac Bunt - play at first, batter OUT! 1-4
Jason Weston to second
Batting: RHB Chang-bum Pak 0-0: Intentional Walk
Batting: RHB Tom Christensen 0-0: Ball
1-0: Fly out, F9 (Flyball, 89M)
Runner from 2nd tags up, OUT at 3rd
Bottom of the 7th over - 0 run(s), 1 hit(s), 0 error(s), 1 left on base; Chicago 2 - Capital District 3
TOP OF THE 8TH
Chicago Hawks batting - Pitching for Capital District Red Knights : RHP Héctor Alarcon
Batting: LHB Jeremiah Spencer 0-0: Called Strike
0-1: Ball
1-1: Ball
2-1: Foul Ball, location: 2F
2-2: Ground out 6-3 (Groundball, 6M)
Batting: RHB Ludwig Kluge 0-0: Foul Ball, location: 2F
0-1: Called Strike
0-2: Ball
1-2: Ground out 5-3 (Groundball, 5)
Batting: RHB Chandler Bailey 0-0: Ball
1-0: Ball
2-0: Ball
3-0: Called Strike
3-1: Foul Ball, location: 2F
3-2: Base on Balls
Pitching: RHP Lou Lowry
Batting: RHB Robbie Roach 0-0: Ball
1-0: Ball
2-0: Foul Ball, location: 2F
2-1: Ball
3-1: Called Strike
3-2: Base on Balls
Chandler Bailey to second
Pitching: LHP Marcelino Freschi
Batting: LHB Mal Wadley 0-0: Called Strike
0-1: Ball
1-1: Called Strike
1-2: Ball
2-2: Strikes out swinging
Top of the 8th over - 0 run(s), 0 hit(s), 0 error(s), 2 left on base; Chicago 2 - Capital District 3
BOTTOM OF THE 8TH
Capital District Red Knights batting - Pitching for Chicago Hawks : RHP Adrián Fierro
Batting: LHB Arturo Hernández 0-0: Ball
1-0: Ball
2-0: Ball
3-0: Called Strike
3-1: SINGLE (Line Drive, 4D)
Batting: SHB Joreão Canosa 0-0: Ball
1-0: SINGLE (Line Drive, 4MD)
Arturo Hernández to second
Runner from 2nd tries for 3rd, SAFE, no throw or cutoff
Batting: RHB Daniel Lallanilla 0-0: Called Strike
0-1: Foul Ball, location: 2F
0-2: Ball
1-2: 3-RUN HOME RUN (Flyball, 8LXD), Distance : 430 ft
Pitching: LHP Gustavo Domínguez
Batting: LHB Leonardo López 0-0: Foul Ball, location: 2F
0-1: Ball
1-1: Ball
2-1: SINGLE (Groundball, 34D)
Batting: RHB Ricardo Romo 0-0: Fly out, F7 (Flyball, 7M)
Batting: RHB Jason Weston 0-0: Reached on Error, E4 (Popup, 4)
Leonardo López to second
Batting: RHB Lane Rich 0-0: Called Strike
0-1: Called Strike
0-2: Ground out 6-3 (Groundball, 6MS)
Leonardo López to third
Jason Weston to second
Batting: RHB Chang-bum Pak 0-0: Ground out 6-3 (Groundball, 6D)
Bottom of the 8th over - 3 run(s), 4 hit(s), 1 error(s), 2 left on base; Chicago 2 - Capital District 6
TOP OF THE 9TH
Chicago Hawks batting - Pitching for Capital District Red Knights : LHP Marcelino Freschi
Batting: RHB Chris Smith 0-0: Called Strike
0-1: Ball
1-1: Called Strike
1-2: Foul Ball, location: 2F
1-2: Foul Ball, location: 2F
1-2: SINGLE (Groundball, 6MD)
Batting: LHB Bill Griffin 0-0: Called Strike
0-1: Called Strike
0-2: Ball
1-2: Ball
2-2: Foul Ball, location: 2F
2-2: Ball
3-2: SINGLE (Groundball, 4MD)
Chris Smith to second
Runner from 2nd tries for 3rd, SAFE, throw made to third
Pitching: RHP Richard Brown
Batting: RHB Yoshio Matsuo 0-0: Ball
1-0: Called Strike
1-1: Ball
2-1: Ball
3-1: Base on Balls
Bill Griffin to second
Pinch Hitting: LHB Motoshige Kitamura 0-0: Ball
1-0: Swinging Strike
1-1: Foul Ball, location: 2F
1-2: Strikes out looking
Pitching: RHP Armando Martínez
Batting: LHB Jeremiah Spencer 0-0: Ball
1-0: Foul Ball, location: 2F
1-1: Ball
2-1: Ball
3-1: Foul Ball, location: 2F
3-2: Grounds into double play, 1-2-3 (Groundball, 13S)
Top of the 9th over - 0 run(s), 2 hit(s), 0 error(s), 2 left on base; Chicago 2 - Capital District 6
This league is powered by Out of the Park Baseball, the baseball management simulation game for PC, Mac and Linux
Friday, April 15th, 2016 - OOTP Baseball 16.9 Build 39